Map: Abiogenesis LE

Players

Ecliptic

  • Race: Zerg Zerg
  • League: Gold
  • Spawn Location: 5:00

Infamous - Winner!

  • Race: Protoss Protoss
  • League: Gold
  • Spawn Location: 11:00

VOD

Have the link to the VOD?

Description

Time

  • Played on: April 18, 2018, 1:51 p.m.
  • Length: 10:41
Show
View Real Time Build Order
Export as new Build Order

Ecliptic Zerg 

Build Orders: Pool First 

Get SALT Encoding   

  12  0:04  Drone  
  13  0:12  Drone  
  14  0:17  Overlord  
  14  0:29  Overlord  
  14  0:44  Spawning Pool  
  14  0:45  Drone  
  14  0:55  Drone  
  15  0:58  Drone  
  16  1:07  Drone  
  17  1:12  Drone  
  18  1:27  Overlord  
  18  1:31  Extractor  
  18  1:32  Queen  
  19  1:33  Drone  
  20  1:43  Zergling x2  
  21  1:53  Zergling x2  
  22  1:59  Hatchery  
  21  2:07  Queen  
  23  2:11  Zergling x2  
  24  2:17  Drone  
  25  2:28  Drone  
  26  2:36  Drone  
  27  2:41  Drone, Zergling x2  
  27  2:42  Zergling x2  
  30  2:52  Zergling x2  
  32  2:58  Zergling x2  
  32  3:08  Metabolic Boost  
  32  3:12  Drone  
  33  3:16  Extractor, Drone x2  
  33  3:17  Zergling x2  
  33  3:33  Drone x2  
  33  3:34  Zergling x2  
  36  3:39  Queen  
  36  3:40  Drone  
  39  3:47  Drone, Lair  
  39  3:48  Drone  
  41  3:49  Drone, Overlord  
  41  3:51  Zergling x2  
  43  4:06  Overlord  
  43  4:07  Overlord  
  43  4:11  Drone  
  43  4:13  Drone  
  43  4:14  Drone x3  
  48  4:27  Extractor  
  48  4:30  Drone x3  
  50  4:34  Zergling x2  
  50  4:35  Extractor  
  50  4:42  Evolution Chamber  
  49  4:51  Drone  
  49  4:52  Drone  
  51  5:03  Drone x2  
  51  5:04  Drone  
  51  5:05  Overlord x2  
  54  5:07  Drone  
  54  5:11  Zerg Missile Weapons Level 1  
  54  5:13  Hydralisk Den  
  54  5:31  Drone x3  
  54  5:32  Zergling x10  
  54  5:33  Zergling x6  
  64  5:52  Hydralisk x3  
  70  6:03  Drone  
  71  6:05  Drone x3  
  71  6:06  Spire  
  73  6:13  Hatchery  
  72  6:23  Pneumatized Carapace  
  72  6:24  Hydralisk x2  
  76  6:26  Overlord x4  
  76  6:27  Overlord  
  76  6:43  Overlord x3  
  76  6:50  Extractor, Drone x2  
  77  6:55  Extractor  
  76  7:06  Zerg Melee Weapons Level 1  
  76  7:09  Hydralisk x5  
  76  7:10  Drone  
  87  7:16  Overseer x3  
  87  7:21  Hydralisk, Corruptor  
  91  7:24  Zerg Flyer Weapons Level 1  
  91  7:38  Mutalisk, Hydralisk x2  
  91  7:41  Mutalisk  
  99  7:48  Drone x3  
  99  7:57  Mutalisk  
  95  7:58  Mutalisk  
  95  8:01  Drone x2  
  95  8:02  Drone  
  94  8:11  Drone  
  94  8:12  Drone  
  96  8:22  Mutalisk  
  96  8:23  Mutalisk x2  
  96  8:24  Drone  
  96  8:25  Drone x3, Zergling x4  
  96  8:26  Zergling x2  
  109  8:34  Muscular Augments  
  108  8:49  Lurker Den  
  108  8:54  Drone x2  
  108  8:55  Drone  
  110  9:00  Corruptor x3  
  110  9:01  Drone x2  
  118  9:05  Zergling x8  
  118  9:08  Drone  
  123  9:10  Drone  
  123  9:12  Drone x2  
  122  9:36  Hydralisk  
  122  9:37  Hydralisk x5  
  121  9:41  Hatchery  
  121  9:42  Extractor  
  121  9:44  Hydralisk  
  121  9:45  Hydralisk x2  
  113  9:46  Extractor  
  98  9:55  Zergling x2  
  98  9:56  Zergling x4  
  93  10:04  Hydralisk  
  93  10:05  Hydralisk x2  
  83  10:32  Spine Crawler x2  
  73  10:36  Spine Crawler  
Show
View Real Time Build Order
Export as new Build Order

Infamous Protoss - Winner!

Build Orders:  

Get SALT Encoding   

  12  0:01  Probe  
  13  0:20  Probe  
  13  0:22  Pylon  
  14  0:29  Probe  
  15  0:40  Gateway  
  15  0:43  Probe  
  16  0:57  Probe, Assimilator  
  17  1:09  Probe  
  18  1:18  Gateway  
  18  1:24  Probe  
  19  1:33  Cybernetics Core  
  19  1:35  Zealot  
  19  1:36  Probe  
  22  1:49  Assimilator  
  22  1:51  Pylon  
  22  1:55  Probe  
  22  2:00  Stalker x2  
  23  2:13  Probe  
  27  2:26  Probe  
  28  2:36  Warp Gate  
  28  2:51  Nexus  
  28  2:55  Probe  
  29  3:03  Sentry  
  31  3:38  Pylon  
  31  3:40  Stargate  
  31  3:55  Shield Battery  
  31  3:56  Probe, Sentry x2  
  31  3:58  Shield Battery  
  36  4:04  Probe  
  36  4:07  Probe  
  38  4:10  Pylon  
  38  4:13  Probe  
  38  4:19  Probe  
  38  4:24  Phoenix  
  42  4:25  Robotics Facility  
  42  4:32  Probe  
  42  4:36  Probe  
  44  4:44  Probe  
  45  4:55  Gateway  
  45  4:56  Gateway  
  45  5:02  Phoenix  
  47  5:07  Zealot  
  47  5:09  Zealot  
  51  5:24  Observer  
  51  5:28  Probe x2  
  54  5:31  Assimilator  
  54  5:35  Assimilator  
  54  5:40  Probe x2  
  56  5:55  Immortal  
  60  5:57  Phoenix  
  62  6:18  Pylon  
  62  6:25  Pylon  
  62  6:28  Pylon  
  62  6:30  Pylon  
  62  6:53  Immortal  
  58  7:02  Phoenix  
  63  7:08  Probe x2  
  63  7:10  Stalker x2, Twilight Council  
  63  7:11  Stalker x2  
  72  7:26  Forge x2  
  72  7:32  Pylon  
  72  7:40  Sentry x3  
  72  7:41  Sentry  
  80  7:56  Protoss Ground Weapons Level 1  
  80  7:57  Protoss Ground Armor Level 1  
  80  8:02  Immortal  
  80  8:04  Stalker x4  
  92  8:25  Dark Shrine  
  92  8:28  Zealot x3  
  92  8:29  Zealot  
  100  8:35  Charge  
  100  9:02  Zealot  
  102  9:30  Warp Prism  
  102  9:32  Void Ray  
  82  10:07  Stalker x4  
  88  10:34  Stalker  
  88  10:35  Stalker x3  
Tags
 
League
GoldGold
Matchup
PvZ
Opening
Pool First
Replay Pack
Last Remnant (2)
Spawn Locations
Cross Positions
Add a new tag
Caveats
  • Supply blocks, unpowered buildings, or Contaminate may cause inaccurate times.
  • Supply counts are checked every 10 seconds.